Map: 16-Bit LE

Players

Neeb - Winner!

  • Race: Protoss Protoss
  • Spawn Location: 7:00

Okaneby

  • Race: Terran Terran
  • Spawn Location: 1:00

Event: WCS Valencia 2018

VOD

Have the link to the VOD?

Description

Time

  • Played on: July 12, 2018, 6:27 a.m.
  • Length: 6:56

All games in this series

Show
View Real Time Build Order
Export as new Build Order

Neeb Protoss - Winner!

Build Orders: 1 Gate Expand, Oracle Opening 

Get SALT Encoding   

  12  0:00  Probe  
  13  0:12  Probe  
  14  0:18  Pylon  
  14  0:23  Probe  
  15  0:32  Probe  
  15  0:37  Gateway  
  15  0:40  Probe  
  16  0:49  Assimilator  
  17  0:52  Probe  
  18  1:04  Probe  
  19  1:16  Probe  
  20  1:35  Nexus  
  20  1:39  Probe  
  21  1:40  Cybernetics Core  
  21  1:45  Assimilator  
  21  1:51  Probe  
  21  1:53  Pylon  
  22  2:03  Probe  
  22  2:08  Adept  
  23  2:15  Probe  
  24  2:22  Stargate  
  26  2:27  Probe  
  27  2:30  Warp Gate  
  27  2:34  Adept  
  29  2:39  Probe  
  29  2:45  Probe  
  29  2:51  Probe  
  29  2:53  Probe  
  31  3:00  Oracle  
  31  3:03  Probe  
  31  3:04  Probe  
  36  3:13  Pylon  
  36  3:15  Probe  
  36  3:16  Probe  
  39  3:27  Probe  
  39  3:28  Probe  
  39  3:32  Adept  
  42  3:36  Oracle  
  42  3:37  Pylon  
  42  3:39  Probe  
  42  3:40  Probe  
  47  3:51  Probe  
  47  3:53  Probe  
  49  3:59  Nexus  
  49  4:03  Probe  
  49  4:06  Probe  
  51  4:13  Oracle  
  51  4:15  Probe  
  55  4:18  Probe  
  55  4:20  Assimilator  
  56  4:24  Assimilator  
  56  4:25  Probe  
  56  4:27  Probe  
  58  4:33  Pylon, Probe  
  58  4:35  Probe  
  58  4:36  Twilight Council  
  58  4:38  Forge  
  59  4:41  Probe  
  59  4:45  Probe  
  61  4:46  Protoss Ground Armor Level 1  
  62  4:53  Probe  
  62  4:54  Sentry  
  62  4:57  Charge, Probe  
  66  5:01  Gateway  
  66  5:02  Gateway  
  66  5:06  Gateway, Probe  
  67  5:07  Gateway  
  67  5:12  Gateway  
  67  5:18  Probe  
  67  5:21  Probe  
  69  5:22  Probe  
  70  5:30  Probe  
  70  5:33  Probe  
  70  5:34  Zealot, Probe  
  75  5:37  Pylon  
  75  5:42  Pylon  
  75  5:43  Probe  
  75  5:44  Robotics Facility  
  77  5:54  Gateway  
  76  5:57  Gateway, Zealot x2  
  76  5:58  Zealot  
  82  6:08  Zealot x3  
  82  6:10  Shield Battery  
  88  6:14  Shield Battery  
  88  6:19  Pylon x2  
  88  6:20  Zealot  
  88  6:21  Zealot x2  
  92  6:35  Pylon  
  92  6:38  Zealot x3  
  98  6:41  Zealot x2  
  98  6:42  Zealot  
  99  6:49  Pylon  
  99  6:53  Assimilator  
  90  6:55  Assimilator  
Show
View Real Time Build Order
Export as new Build Order

Okaneby Terran 

Build Orders:  

Get SALT Encoding   

  12  0:00  SCV  
  13  0:12  SCV  
  14  0:18  Supply Depot  
  14  0:25  SCV  
  15  0:38  Refinery  
  15  0:40  SCV  
  16  0:47  Barracks  
  16  0:54  SCV  
  17  1:06  SCV  
  18  1:18  SCV  
  20  1:35  Reaper, Orbital Command  
  20  1:49  Command Center  
  20  2:01  SCV  
  21  2:14  SCV  
  22  2:20  Barracks Reactor  
  22  2:22  Factory  
  22  2:25  Supply Depot  
  22  2:26  SCV  
  23  2:31  Refinery  
  23  2:48  SCV  
  23  2:59  Marine x2, Barracks  
  23  3:00  SCV, Barracks  
  26  3:08  Factory Tech Lab  
  26  3:12  Orbital Command  
  26  3:17  Marine x2  
  28  3:20  SCV  
  29  3:30  Siege Tank  
  29  3:32  SCV  
  33  3:38  SCV  
  34  3:41  Marine x2  
  34  3:45  SCV  
  34  3:47  Engineering Bay  
  37  3:51  Barracks Tech Lab  
  37  3:52  Barracks Tech Lab  
  37  3:54  SCV  
  38  3:59  Marine x2  
  38  4:00  SCV  
  41  4:16  Marine  
  41  4:17  Marine x2  
  38  4:18  Terran Infantry Weapons Level 1  
  38  4:21  SCV x2  
  38  4:36  SCV x2  
  40  4:45  Siege Tank  
  43  4:46  Marine x2  
  43  4:48  SCV  
  46  5:02  Supply Depot  
  46  5:06  Supply Depot  
  46  5:24  SCV x2, Marine x4  
  52  5:30  Missile Turret  
  52  5:33  Missile Turret  
  52  5:36  SCV x2  
  52  5:41  Marine x4  
  58  5:48  SCV x2  
  60  5:59  Marine x2  
  62  6:04  Marine  
  62  6:07  Marine  
  62  6:13  SCV  
  62  6:18  Supply Depot, Marine x2  
  62  6:19  SCV  
  62  6:22  Marine  
  62  6:23  Barracks x2  
  66  6:25  Marine  
  67  6:36  Marine  
Tags
 
Add a new tag
Caveats
  • Supply blocks, unpowered buildings, or Contaminate may cause inaccurate times.
  • Supply counts are checked every 10 seconds.